 Dungeon Crawl Stone Soup version 0.18-a0-731-ga019a5f (webtiles) character file.

280 JokEr the Skirmisher (level 6, -9/41 HPs)
             Began as a Gargoyle Fighter on Dec 9, 2015.
             Mangled by JokEr's ghost (13 damage)
             ... on level 4 of the Dungeon.
             The game lasted 00:04:51 (2756 turns).

JokEr the Skirmisher (Gargoyle Fighter)             Turns: 2756, Time: 00:04:51

Health: -9/41      AC: 11    Str: 21    XL:     6   Next: 27%
Magic:  6/6        EV:  2    Int:  9    God:
Gold:   118        SH:  9    Dex:  9    Spells: 0 memorised, 5 levels left

rFire  . . .     SeeInvis .     a - +1 flail
rCold  . . .     Clarity  .     b - +0 scale mail
rNeg   + . .     SustAt   .     c - +0 shield
rPois  ∞         Gourm    .     (no helmet)
rElec  +         Spirit   .     (no cloak)
rCorr  .         Dismiss  .     (no gloves)
rMut   .         Stasis   .     (no boots)
MR     .....                    (no amulet)
Stlth  ..........               (no ring)
                                (no ring)

@: not resistant to hostile enchantments, extremely unstealthy
A: negative energy resistance 1, electricity resistance, unbreathing,
petrification resistance, rot immunity, AC +4
a: no special abilities


You were on level 4 of the Dungeon.
You were not hungry.

You visited 1 branch of the dungeon, and saw 4 of its levels.

You collected 118 gold pieces.

Inventory:

Hand Weapons
 a - a +1 flail (weapon)
Armour
 b - a +0 scale mail (worn)
 c - a +0 shield (worn)
Scrolls
 g - 3 scrolls of identify
 k - 2 scrolls of enchant weapon
 o - 2 scrolls of noise
Potions
 d - a potion of might
 h - a potion of flight {unknown}
 i - a potion of heal wounds {unknown}
 l - 2 potions of curing {unknown}
 m - a potion of cancellation {unknown}
 n - a potion of haste {unknown}
Comestibles
 e - 3 bread rations
 f - 7 fruits
 j - a slice of pizza


   Skills:
 + Level 5.7 Fighting
 + Level 4.7 Maces & Flails
 - Level 3.2 Armour
 - Level 3.2 Shields


You had 5 spell levels left.
You didn't know any spells.

Dungeon Overview and Level Annotations

Branches:
Dungeon (4/15)
 Temple: D:4-7

Altars:

Annotations:
D:4 JokEr's ghost, novice GrFi


Innate Abilities, Weirdness & Mutations

You are resistant to torment.
Your stone body is resilient (AC +4).
You are immune to poison.
You resist negative energy.
You are resistant to electric shocks.
You can survive without breathing.
You are immune to petrification.
You are immune to rotting.


Message History

Your shield and scale mail prevent you from hitting JokEr's ghost.
JokEr's ghost hits you!
You barely miss JokEr's ghost. JokEr's ghost barely misses you.
You sock JokEr's ghost!
JokEr's ghost is lightly damaged.
JokEr's ghost hits you. x2
Your shield and scale mail prevent you from hitting JokEr's ghost.
JokEr's ghost is lightly damaged.
JokEr's ghost hits you.
You hit JokEr's ghost.
JokEr's ghost is moderately damaged.
JokEr's ghost hits you!
* * * LOW HITPOINT WARNING * * *
There is a stone staircase leading up here.
You hit JokEr's ghost but do no damage.
JokEr's ghost is moderately damaged.
JokEr's ghost hits you!
* * * LOW HITPOINT WARNING * * *
JokEr's ghost hits you!
You die...

.. #.. #.. #####
#... #...
#...####†###.###
###...#@...).....#
.......W..))#..#.#
........^...# #
............#
###...#.###.#
#........ ...
#.#...#.## ....
#.#...#.# ###.#
.[. #.# .#


You could see JokEr's ghost.

Vanquished Creatures
  An ice beast (D:3)
  2 orc priests (D:4)
  5 adders
  4 worms
  4 giant geckos
  7 orcs
  2 goblins (D:2)
  8 hobgoblins
  7 jackals
  A ball python (D:2)
  8 bats
  2 giant cockroaches
  3 giant newts
  6 kobolds
  4 rats
64 creatures vanquished.

Notes
Turn   | Place    | Note
--------------------------------------------------------------
     0 | D:1      | JokEr the Gargoyle Fighter began the quest for the Orb.
     0 | D:1      | Reached XP level 1. HP: 14/14 MP: 1/1
   119 | D:1      | Reached XP level 2. HP: 19/19 MP: 2/2
   648 | D:2      | Reached XP level 3. HP: 21/24 MP: 3/3
   842 | D:2      | Reached skill level 4 in Fighting
  1535 | D:3      | Reached XP level 4. HP: 29/29 MP: 4/4
  2065 | D:3      | Reached XP level 5. HP: 31/34 MP: 5/5
  2115 | D:3      | Noticed an ice beast
  2131 | D:3      | HP: 1/34 [ice beast (9)]
  2135 | D:3      | Killed an ice beast
  2135 | D:3      | Reached skill level 5 in Fighting
  2696 | D:4      | Reached XP level 6. HP: 30/40 MP: 6/6
  2743 | D:4      | Noticed JokEr's ghost (novice GrFi)
  2756 | D:4      | Mangled by JokEr's ghost

Vault maps used:
D:1:      ncdulo_halloftheorcs
D:3:      st_stairs_1
D:4:      grunt_pakellas_basics, first_bread

Action                   |  1- 3 |  4- 6 || total
-------------------------+-------+-------++-------
Melee: Flail             |   108 |   162 ||   270
  Use: Scroll            |     6 |     2 ||     8
  Eat: Bread ration      |     1 |     1 ||     2
